 Dungeon Crawl Stone Soup version 0.18.1-51-gd549091e01 (webtiles) character file.

45 magog001 the Insei (level 3, 0/23 HPs)
             Began as an Octopode Transmuter on Dec 2, 2022.
             Succumbed to an adder's poison
             ... on level 2 of the Dungeon.
             The game lasted 00:07:54 (1648 turns).

magog001 the Insei (Octopode Transmuter)            Turns: 1648, Time: 00:07:55

Health: 0/23       AC:  1    Str:  9    XL:     3   Next: 64%
Magic:  6/6        EV: 12    Int: 15    God:
Gold:   71         SH:  0    Dex: 13    Spells: 2 memorised, 3 levels left

rFire  . . .     SeeInvis .       - Unarmed
rCold  . . .     Gourm    .     (no shield)
rNeg   . . .     Faith    .     (helmet restricted)
rPois  .         Spirit   .     (no amulet)
rElec  .         Dismiss  .     e - ring of sustain attributes
rCorr  .         Reflect  .     (no ring)
SustAt +         Harm     .     (no ring)
MR     .....                    (no ring)
Stlth  +++.......               (no ring)
                                (no ring)
                                (no ring)
                                (no ring)

@: lethally poisoned (0 -> -3), appendage, flying, not resistant to hostile
enchantments, fairly stealthy
A: almost no armour, amphibious, 8 rings, constrict 8, tentacle spike 3,
camouflage 1, gelatinous body 1
a: End Transformation


You were on level 2 of the Dungeon.
You were not hungry.
One of your tentacles had a temporary spike.
You visited 1 branch of the dungeon, and saw 2 of its levels.

You collected 71 gold pieces.

Inventory:

Hand Weapons
 f - a +0 dagger
Missiles
 a - 39 arrows
 j - 10 poisoned needles
Jewellery
 e - a ring of sustain attributes (left tentacle)
Scrolls
 g - a scroll of remove curse {unknown}
 i - a scroll of identify {unknown}
 k - a scroll of enchant armour {unknown}
Potions
 h - a potion of agility {unknown}
 l - a potion of curing {unknown}
 m - a potion of heal wounds {unknown}
Books
 b - a book of Changes

   Spells                             Type                      Level
   a - Beastly Appendage              Transmutation                1
   b - Sticks to Snakes               Transmutation                2
   c - Spider Form                    Transmutation/Poison         3
   d - Ice Form                       Ice/Transmutation            4
   e - Blade Hands                    Transmutation                5
Comestibles
 c - 2 chunks of flesh


   Skills:
 * Level 1.3 Fighting
 * Level 2.2 Dodging
 + Level 2.2 Stealth
 * Level 3.6 Unarmed Combat
 + Level 2.0 Spellcasting
 + Level 2.2 Transmutations


You had 3 spell levels left.
You knew the following spells:

 Your Spells              Type           Power        Failure   Level  Hunger
a - Beastly Appendage     Trmt           #.....       12%         1    #......
b - Sticks to Snakes      Trmt           #.......     14%         2    ###....


Dungeon Overview and Level Annotations

Branches:
Dungeon (2/15)

Altars:


Innate Abilities, Weirdness & Mutations

You cannot wear most types of armour.
You are amphibious.
You can wear up to eight rings at the same time.
You can use your tentacles to constrict eight enemies at once.
Your skin changes colour to match your surroundings (Stealth).
Your rubbery body absorbs attacks (AC +1).
One of your tentacles bears a large vicious spike.


Message History

You constrict the adder. The adder barely misses you.
The kobold barely misses you.
You barely miss the adder.
Your tentacle spike misses the adder.
The adder is heavily wounded.
You constrict the adder. The adder misses you.
The kobold hits you with a short sword.
* * * LOW HITPOINT WARNING * * *
You tentacle-slap the adder but do no damage.
You squeeze the adder.
The adder is almost dead.
You constrict the adder.
You kill the adder!
Your Stealth skill increases to level 2!
The kobold hits you with a short sword.
* * * LOW HITPOINT WARNING * * *
Drink which item? (? for menu, Esc to quit)
It was a potion of flight.
You feel very buoyant.
You fly up into the air.
You die...

###### ## .....# .
..##.# .# # ##.##.######
.##.# ..##......# ......
##.#.....<.#######......
...##..........#.K......
.#..............@..#
..................?#
..#.#.....####.....#
..........# #.........
..........# #.....#...
#.........# ###.#.#..>.
............ ..#.# ...
##..#..#...# ###.# <<
........)...


You could see a kobold.

Vanquished Creatures
  2 adders
  An ooze (D:1)
  A dart slug (D:1)
  2 giant cockroaches (D:1)
  3 goblins (D:1)
  3 hobgoblins
  2 kobolds (D:1)
  4 bats (D:1)
  A giant newt (D:1)
  2 rats (D:1)
21 creatures vanquished.

Notes
Turn   | Place    | Note
--------------------------------------------------------------
     0 | D:1      | magog001 the Octopode Transmuter began the quest for the Orb.
     0 | D:1      | Reached XP level 1. HP: 13/13 MP: 3/3
   541 | D:1      | Reached XP level 2. HP: 18/18 MP: 5/5
   560 | D:1      | Learned a level 2 spell: Sticks to Snakes
   940 | D:1      | Reached skill level 1 in Stealth
  1458 | D:1      | Reached XP level 3. HP: 21/23 MP: 6/6
  1647 | D:2      | HP: 1/23 [kobold/short sword (1)]
  1648 | D:2      | Succumbed to an adder's poison

Skill      XL: |  1  2  3 |
---------------+----------+-----
Stealth        | 1 2 |  2.2
Fighting       | |  1.3
Dodging        | |  2.2
Unarmed Combat | |  3.6
Spellcasting   | |  2.0
Transmutations | |  2.2

Action                   || total
-------------------------++-------
Melee: Unarmed           ||    55
       Tentacles         ||    12
       Constrict         ||    12
       Kick              ||     2
 Cast: Beastly Appendage ||     2
  Use: Potion            ||     1
 Stab: Sleeping          ||     4
  Eat: Bread ration      ||     1
Armor: Skin              ||     8
Dodge: Dodged            ||    37
